 Dungeon Crawl Stone Soup version 0.32-a0-913-g739538afd8 (webtiles) character file.

Game seed: 16138111806857449723

128 innerfire43 the Sneak (level 4, -6/33 HPs)
             Began as a Demonspawn Wanderer on Apr 8, 2024.
             Was a Plaything of Xom.
             Killed from afar by an orc wizard (7 damage)
             ... with a magic dart
             ... on level 3 of the Dungeon.
             The game lasted 00:03:19 (1715 turns).

innerfire43 the Sneak (Demonspawn Wanderer)         Turns: 1715, Time: 00:03:20

Health: -6/33      AC:  7    Str: 16    XL:     4   Next: 86%
Magic:  7/7        EV: 25    Int: 14    God:    Xom [.*....]
Gold:   127        SH:  0    Dex: 11    Spells: 6/7 levels left

rFire   . . .        a - +2 mace
rCold   . . .        (no shield)
rNeg    . . .        d - +0 leather armour
rPois   +            (helmet restricted)
rElec   .            (no cloak)
rCorr   .            b - +0 pair of gloves
SInv    .            (no boots)
Will    .....        s - amulet of the acrobat
Stlth   +            h - ring of wizardry
HPRegen 0.25/turn    e - ring of poison resistance
MPRegen 0.10/turn

%: acrobat, wizardry (x1)
@: confused, on berserk cooldown, acrobatic, slowed, very slow
A: antennae 1, molten scales 2, clever 1, MP-powered wands
a: Renounce Religion


You were on level 3 of the Dungeon.
You worshipped Xom.
You were a plaything of Xom.
You visited 1 branch of the dungeon, and saw 3 of its levels.

You collected 127 gold pieces.

Inventory:

Hand Weapons
 a - a +2 mace (weapon)
Missiles
 t - a throwing net
Armour
 b - a +0 pair of gloves (worn)
 d - a +0 leather armour (worn)
 k - a +0 plate armour
Jewellery
 e - a ring of poison resistance (right hand)
 h - a ring of wizardry (left hand)
 s - an amulet of the acrobat (around neck)
Scrolls
 c - a scroll of teleportation
 j - 3 scrolls of amnesia {unknown}
 l - a scroll of fog {unknown}
 n - a scroll of enchant weapon {unknown}
 o - a scroll of fear {unknown}
 q - a scroll of brand weapon {unknown}
 r - a scroll of identify {unknown}
Potions
 f - a potion of enlightenment {unknown}
 p - 2 potions of resistance {unknown}


   Skills:
 + Level 2.0 Fighting
 + Level 3.2 Maces & Flails
 * Level 1.2 Armour
 - Level 3.6 Stealth
 * Level 2.3 Spellcasting
 * Level 2.5 Alchemy


You had 6 spell levels left.
You knew the following spells:

 Your Spells              Type           Power      Damage    Failure   Level
a - Sting                 Conj/Alch      20%        1d4       7%          1

Your spell library contained the following spells:

 Spells                   Type           Power      Damage    Failure   Level
 Sandblast                Erth           2%         2d4       12%         1
 Summon Small Mammal      Summ           4%         N/A       12%         1
 Mephitic Cloud           Conj/Alch/Air  3%         N/A       24%         3
 Call Canine Familiar     Summ           1%         N/A       32%         3
 Frozen Ramparts          Ice            2%         1d1       32%         3
 Ozocubu's Armour         Ice            1%         N/A       32%         3
 Stone Arrow              Conj/Erth      2%         3d7       32%         3
 Brom's Barrelling Bould  Conj/Erth      1%         2d3       71%         4
 Summon Blazeheart Golem  Fire/Summ      1%         N/A       71%         4
 Metabolic Englaciation   Hex/Ice        0%         N/A       95%         5


Dungeon Overview and Level Annotations

Branches:
Dungeon (3/15)

Altars:
Xom


Innate Abilities, Weirdness & Mutations

You have a pair of small antennae on your head.
You are mostly covered in molten scales. (AC +3)
Your mind is acute. (Int +4, Str/Dex -1)
You expend magic power (3 MP) to strengthen your wands.


Message History

Something hits you. The orc hits you with a +0 club.
You closely miss the orc.
The orc is severely wounded.
The orc closely misses you. Something hits you.
* * * LOW HITPOINT WARNING * * *
You closely miss the orc.
The orc is severely wounded.
The orc hits you with a +0 club.
* * * LOW HITPOINT WARNING * * *
Something hits you.
* * * LOW HITPOINT WARNING * * *
You sock the orc!
You kill the orc!
Something hits you.
* * * LOW HITPOINT WARNING * * *
You hear some strange, mumbled words.
A magic dart appears from out of thin air!
The magic dart hits you.
* * * LOW HITPOINT WARNING * * *
It was a potion of berserk rage.
A red film seems to cover your vision as you go berserk!
You feel yourself moving faster!
You feel mighty!
Xom roars with laughter!
You hear some strange, mumbled words.
You are confused.
Unknown command.
You are too berserk!
You feel a strong urge to attack something.
Something hits you.
* * * LOW HITPOINT WARNING * * *
You feel your anger nearly subside.
Things that are here:
a +0 club; a +0 leather armour You are no longer berserk.
You are exhausted.
You feel yourself slow down.
You hear some strange, mumbled words.
A magic dart appears from out of thin air!
The magic dart hits you!
You die...

#... #..... ##.....
## ....... ..#
....... #####'.
.......#######≈≈≈≈#
#...........#...≈#
#...........#...≈#
#.....@)....#...≈#
#.....){....#...≈#
+...........'######.#
#............#......#
##########.....######
#.....# #.....#
#.....# #.# #..)..#


There were no monsters in sight!

Vanquished Creatures
  An iguana (D:2)
  An orc wizard (D:3)
  A dart slug (D:1)
  6 orcs (D:3)
  7 ball pythons
  6 endoplasms
  A giant cockroach (D:1)
  8 goblins
  8 hobgoblins
  3 kobolds
  6 quokkas
  6 bats
  A frilled lizard (D:1)
  4 rats
59 creatures vanquished.

Notes
Turn   | Place    | Note
-------+----------+-------------------------------------------
     0 | D:1      | innerfire43 the Demonspawn Wanderer began the quest for the
                  | Orb.
     0 | D:1      | innerfire43 set off with the following items: a +2 mace, a
                  | +0 pair of gloves, a scroll of teleportation, a +0 leather
                  | armour; and the following spell memorised: Sting; and the
                  | following spells available to memorise: Mephitic Cloud.
     0 | D:1      | Reached XP level 1. HP: 15/15 MP: 2/2
   172 | D:1      | Gained mutation: You are partially covered in molten
                  | scales. (AC +2) [demonic ancestry]
   172 | D:1      | Reached XP level 2. HP: 21/21 MP: 3/3
   511 | D:1      | Gained mutation: You have a pair of small antennae on your
                  | head. [demonic ancestry]
   511 | D:1      | Reached XP level 3. HP: 25/26 MP: 5/5
   846 | D:2      | Reached skill level 1 in Armour
   846 | D:2      | Gained mutation: You are mostly covered in molten scales.
                  | (AC +3) [demonic ancestry]
   846 | D:2      | Reached XP level 4. HP: 16/33 MP: 5/7
  1137 | D:2      | Found a faded altar of an unknown god.
  1287 | D:2      | Prayed at the altar of an unknown god.
  1287 | D:2      | Became a worshipper of Xom of Chaos
  1560 | D:3      | Gained mutation: You expend magic power (3 MP) to
                  | strengthen your wands. [potion of mutation]
  1560 | D:3      | Gained mutation: Your mind is acute. (Int +4, Str/Dex -1)
                  | [potion of mutation]
  1709 | D:3      | HP: 1/33 [something/magic dart (1)]
  1715 | D:3      | Killed from afar by an orc wizard

Illustrated notes

Levels and vault maps discovered:
D:1:      nicolae_arrival_memento_mori, layout_loops_cross, minmay_vboxes
D:2:      layout_rooms, shapermc_ecumenical_altar_totnotflames
D:3:      layout_basic, nicolae_overflow_hidden_temple, led_sif_pool,
          mainiacjoe_overflow_surrounded_room, serial_rivers,
          chequers_serial_rivers_large_b, chequers_serial_rivers_small_a,
          chequers_serial_rivers_small_b, chequers_serial_rivers_room_a,
          mainiacjoe_sewer_entry_somewhere_in_here_2,
          chequers_serial_rivers_large_a

Skill      XL: |  1  2  3  4 |
---------------+-------------+-----
Maces & Flails | 3 |  3.2
Armour         | 1 |  1.2
Spellcasting   | 2 |  2.3
Alchemy        | 2 |  2.5
Fighting       | 2 |  2.0
Stealth        | |  3.6

Action                     |  1- 3 |  4- 6 || total
---------------------------+-------+-------++-------
  Melee: Mace              |    77 |    55 ||   132
    Use: Potion            |       |     4 ||     4
   Stab: Sleeping          |     8 |     3 ||    11
 Armour: Leather armour    |    34 |    63 ||    97
         Plate armour      |    35 |       ||    35
         Skin              |       |     5 ||     5
  Dodge: Dodged            |    26 |    43 ||    69

Table legend: (Time is in decaauts)
 A = Elapsed time spent in this place.
 B = Non-inter-level travel time spent in this place.
 C = Inter-level travel time spent in this place.
 D = Time resting spent in this place.
 E = Time spent auto-exploring this place.
 F = Levels seen in this place.
 G = Mean time per level.
                   A        B        C        D        E       F      G
               +--------+--------+--------+--------+--------+-----+--------+
         Total |   1746 |   1649 |     97 |      0 |   1217 |   3 |  582.0 |
       Dungeon |   1746 |   1649 |     97 |      0 |   1217 |   3 |  582.0 |
               +--------+--------+--------+--------+--------+-----+--------+

Top non-repeatable levels by time:
     D:1: 778 daAuts
     D:2: 669 daAuts
     D:3: 298 daAuts
